 Dungeon Crawl Stone Soup version 0.27.1-3-gb3d3a73c9e (webtiles) character file.

Game seed: 3540531920415785312

324 khargal the Skirmisher (level 6, -5/48 HPs)
             Began as a Demonspawn Fighter on Oct 19, 2021.
             Slain by a gnoll (7 damage)
             ... on level 3 of the Dungeon.
             The game lasted 00:02:37 (2627 turns).

khargal the Skirmisher (Demonspawn Fighter)         Turns: 2627, Time: 00:02:37

Health: -5/48      AC:  8    Str: 18    XL:     6   Next: 23%
Magic:  6/6        EV:  7    Int: 10    God:
Gold:   122        SH:  9    Dex: 12    Spells: 5/5 levels left

rFire    . . .     SeeInvis .   a - +0 war axe
rCold    . . .     Faith    .   c - +0 kite shield
rNeg     . . .     Spirit   .   b - +0 scale mail
rPois    .         Reflect  .   (no helmet)
rElec    .         Harm     .   p - +0 cloak
rCorr    .         Rampage  .   (no gloves)
Will     .....                  (no boots)
Stlth    ..........             (no amulet)
HPRegen  0.16/turn              (no ring)
MPRegen  0.10/turn              (no ring)

@: attractive
A: foul stench 1
a: no special abilities


You were on level 3 of the Dungeon.
You visited 1 branch of the dungeon, and saw 3 of its levels.

You collected 122 gold pieces.

Inventory:

Hand Weapons
 a - a +0 war axe (weapon)
 q - a +0 dagger
Armour
 b - a +0 scale mail (worn)
 c - a +0 kite shield (worn)
 p - a +0 cloak (worn)
Jewellery
 l - a ring of ice
Scrolls
 j - a scroll of teleportation
 k - a scroll of summoning {unknown}
 m - 2 scrolls of noise {unknown}
 n - a scroll of fear {unknown}
 r - a scroll of identify {unknown}
Potions
 d - 3 potions of might
 e - a potion of attraction
 f - 2 potions of curing {unknown}
 g - a potion of degeneration {unknown}
 h - 2 potions of flight {unknown}
 i - a potion of invisibility {unknown}
 o - a potion of ambrosia {unknown}


   Skills:
 + Level 4.2 Fighting
 + Level 3.7 Axes
 + Level 3.9 Armour
 + Level 0.7 Dodging
 + Level 0.1 Stealth
 + Level 3.4 Shields


You had 5 spell levels left.
You didn't know any spells.
Your spell library was empty.

Dungeon Overview and Level Annotations

Branches:
Dungeon (3/15)

Altars:
Cheibriados


Innate Abilities, Weirdness & Mutations

You may rarely emit foul miasma when damaged in melee.


Message History

You block the gnoll's attack. x2; The gnoll hits you but does no damage.
The gnoll barely misses you.
You hit the gnoll.
You kill the gnoll!
You hit the gnoll.
The gnoll hits you from afar with a +0 halberd.
The gnoll hits you with a +0 club. The gnoll barely misses you.
The gnoll hits you from afar with a +0 halberd!
* * * LOW HITPOINT WARNING * * *
You block the gnoll's attack. The gnoll barely misses you.
You block the gnoll's attack. The gnoll barely misses you.
It was a potion of attraction.
You feel attractive to monsters.
The gnoll hits you from afar with a +0 halberd.
* * * LOW HITPOINT WARNING * * *
You block the gnoll's attack. The gnoll closely misses you.
The gnoll is pulled toward you! The gnoll is pulled toward you!
The gnoll is pulled toward you! The gnoll is pulled toward you!
You slash the gnoll!
You kill the gnoll!
You block the gnoll's attack. x2; The gnoll is pulled toward you!
You barely miss the gnoll. The gnoll hits you but does no damage.
The gnoll hits you with a +0 halberd!
* * * LOW HITPOINT WARNING * * *
You block the gnoll's attack.
You hit the gnoll.
The gnoll is lightly wounded.
You block the gnoll's attack.
The gnoll hits you from afar with a +0 halberd.
* * * LOW HITPOINT WARNING * * *
The gnoll closely misses you.
You hit the gnoll.
The gnoll is heavily wounded.
The gnoll hits you from afar with a +0 halberd.
* * * LOW HITPOINT WARNING * * *
The gnoll hits you with a +0 halberd!
You die...

############
#..........###
#####............#
...†)..####.####.#
.#.###.##.....##.#
##.# #.#.......#@#
...# #.#.......#g#
...# #....._....g#
...# #.#.......#.#
...###.#.......#.##
.......##.....##..#
.......####.####..#
..................#
......#....#####..#


You could see 2 gnolls.

Vanquished Creatures
  Sigmund (D:2)
  2 hounds (D:3)
  Robin (D:3)
  3 gnolls (D:3)
  An adder (D:2)
  2 worms (D:2)
  A dart slug (D:1)
  4 ball pythons
  4 endoplasms
  A giant cockroach (D:1)
  14 goblins
  5 hobgoblins
  4 bats
  3 frilled lizards
  4 kobolds
  4 rats
54 creatures vanquished.

Notes
Turn   | Place    | Note
-------+----------+-------------------------------------------
     0 | D:1      | khargal the Demonspawn Fighter began the quest for the Orb.
     0 | D:1      | Reached XP level 1. HP: 18/18 MP: 1/1
   132 | D:1      | Gained mutation: You may rarely emit foul miasma when
                  | damaged in melee. [demonic ancestry]
   132 | D:1      | Reached XP level 2. HP: 14/24 MP: 2/2
   262 | D:1      | Found a faded altar of an unknown god.
  1249 | D:2      | Reached XP level 3. HP: 21/29 MP: 3/3
  1924 | D:2      | Noticed Sigmund
  1930 | D:2      | Killed Sigmund
  1931 | D:2      | Reached XP level 4. HP: 19/37 MP: 4/4
  1931 | D:2      | Reached XP level 5. HP: 22/42 MP: 5/5
  2250 | D:3      | Noticed Robin
  2261 | D:3      | Killed Robin
  2323 | D:3      | Reached skill level 4 in Fighting
  2329 | D:3      | Reached XP level 6. HP: 38/48 MP: 6/6
  2534 | D:3      | Found a snail-covered altar of Cheibriados.
  2627 | D:3      | HP: 2/48 [gnoll (2)]
  2627 | D:3      | Slain by a gnoll

Illustrated notes

Levels and vault maps discovered:
D:1:      minmay_arrival_nine_rooms, layout_basic, ebering_ecumenical_altar_rust
D:2:      layout_basic, minmay_tripent, uniq_sigmund
D:3:      layout_basic, old_standard_altar, cheibrodos_gnoll_hut, uniq_robin

Skill      XL: |  1  2  3  4  5 |
---------------+----------------+-----
Armour         | 3 |  3.9
Axes           | 2 3 |  3.7
Shields        | 3 |  3.4
Fighting       | 4 |  4.2
Dodging        | |  0.7
Stealth        | |  0.1

Action                   |  1- 3 |  4- 6 || total
-------------------------+-------+-------++-------
Melee: War axe           |   113 |    47 ||   160
  Use: Scroll            |     1 |       ||     1
       Potion            |       |     1 ||     1
Armor: Scale mail        |    55 |    34 ||    89
Dodge: Dodged            |    40 |    19 ||    59
Block: Kite shield       |    53 |    36 ||    89
